 Dungeon Crawl Stone Soup version 0.29.1-12-g30fa7ad0bf (webtiles) character file.

Game seed: 16534395283963953615

399 xian the Sneak (level 6, 0/38 HPs)
             Began as an Octopode Enchanter on Dec 22, 2022.
             Killed from afar by a white imp (5 damage)
             ... with a puff of frost
             ... on level 5 of the Dungeon.
             The game lasted 00:07:25 (4406 turns).

xian the Sneak (Octopode Enchanter)                 Turns: 4406, Time: 00:07:25

Health: 0/38       AC:  1    Str:  9    XL:     6   Next: 84%
Magic:  9/9        EV: 13    Int: 17    God:
Gold:   172        SH:  3    Dex: 13    Spells: 8/10 levels left

rFire   . . .      SeeInvis .   y - +1 dagger (drain)
rCold   + . .      Faith    .   d - +0 buckler
rNeg    . . .      Spirit   .   q - +0 hat
rPois   +          Reflect  .   (no amulet)
rElec   .          Harm     .   k - ring of poison resistance
rCorr   .          Rampage  .   (no ring)
Will    .....                   (no ring)
Stlth   ++++......              (no ring)
HPRegen 0.12/turn               (no ring)
MPRegen 0.11/turn               (no ring)
                                (no ring)
                                (no ring)

@: no status effects
A: almost no armour, amphibious, 8 rings, camouflage 1, gelatinous body 1,
(nimble swimmer 1), tentacles, cold resistance 1, screaming 1
a: no special abilities


You were on level 5 of the Dungeon.
You visited 1 branch of the dungeon, and saw 5 of its levels.

You collected 235 gold pieces.
You spent 63 gold pieces at shops.

Inventory:

Hand Weapons
 y - a +1 dagger of draining (weapon)
Missiles
 e - 17 poisoned darts (quivered)
 h - 5 javelins
 v - 6 curare-tipped darts
Armour
 d - a +0 buckler (worn)
 q - a +0 hat (worn)
Jewellery
 k - a ring of poison resistance (left tentacle)
Wands
 a - a wand of flame (10)
Scrolls
 f - 4 scrolls of identify {unknown}
 g - 2 scrolls of poison {unknown}
 i - a scroll of vulnerability {unknown}
 j - a scroll of immolation {unknown}
 l - 2 scrolls of magic mapping {unknown}
 n - a scroll of brand weapon {unknown}
 o - a scroll of blinking {unknown}
 r - 2 scrolls of teleportation {unknown}
 s - a scroll of enchant armour {unknown}
 u - a scroll of torment {unknown}
Potions
 b - a potion of invisibility
 c - 2 potions of curing {unknown}
 m - a potion of ambrosia {unknown}
 p - a potion of lignification {unknown}
 t - a potion of heal wounds {unknown}
 w - a potion of might {unknown}
 x - a potion of magic {unknown}


   Skills:
 + Level 1.6 Fighting
 + Level 2.7 Short Blades
 + Level 0.3 Throwing
 + Level 3.1 Dodging
 + Level 6.5 Stealth
 + Level 0.8 Shields
 + Level 2.5 Spellcasting
 + Level 4.1 Hexes
 + Level 0.6 Ice Magic


You had 8 spell levels left.
You knew the following spells:

 Your Spells              Type           Power      Damage    Failure   Level
a - Ensorcelled Hibernat  Hex/Ice        20%        N/A       14%         2

Your spell library contained the following spells:

 Spells                   Type           Power      Damage    Failure   Level
 Confusing Touch          Hex            16%        N/A       14%         3
 Tukima's Dance           Hex            16%        N/A       14%         3
 Dazzling Flash           Conj/Hex       18%        N/A       32%         3
 Ozocubu's Armour         Ice            4%         N/A       52%         3
 Ozocubu's Refrigeration  Ice            2%         4d7       100%        7


Dungeon Overview and Level Annotations

Branches:
Dungeon (5/15)
 Temple: D:4-7

Altars:
Dithmenos
Makhleb
Nemelex Xobeh
Sif Muna
Uskayaw

Shops:
D:4 [


Innate Abilities, Weirdness & Mutations

You cannot wear most types of armour.
You are amphibious.
You can wear up to eight rings at the same time.
Your skin changes colour to match your surroundings (Stealth+).
Your rubbery body absorbs attacks. (AC +1, EV +1)
((You are camouflaged when in or above water. (Stealth+)))
You have tentacles for arms and can constrict up to eight enemies at once.
Your flesh is cold resistant. (rC+)
You occasionally shout uncontrollably at your foes.


Message History

You barely miss the hound. Your grab misses the hound. You squeeze the hound.
The hound is lightly wounded.
The hound bites you. The shadow imp gestures at you.
You barely resist. You closely miss the hound. Your grab misses the hound.
The hound is lightly wounded.
The hound bites you. The hound closely misses you.
You hit the hound. Your grab misses the hound.
You squeeze the hound, but do no damage.
The hound is lightly wounded.
The hound barely misses you. The white imp hits you. The white imp freezes you.
You resist. The shadow imp hits you.
You closely miss the hound. You grab the hound. You squeeze the hound!
The hound is severely wounded.
You constrict the hound. The hound closely misses you.
You block the shadow imp's attack. The white imp closely misses you.
The hound bites you.
You hit the hound but do no damage. You drain the hound.
You kill the hound!
The white imp misses you. The shadow imp closely misses you.
Unknown command.
You hit the shadow imp but do no damage.
Your grab misses the shadow imp.
Your tentacle-slap misses the shadow imp.
The white imp barely misses you. The shadow imp hits you.
You barely miss the shadow imp. Your grab misses the shadow imp.
The white imp gestures at you. The puff of frost hits you. You resist.
The shadow imp hits you.
* * * LOW HITPOINT WARNING * * *
You hit the shadow imp but do no damage.
Your grab misses the shadow imp. The white imp hits you.
* * * LOW HITPOINT WARNING * * *
The white imp freezes you. You resist.
* * * LOW HITPOINT WARNING * * *
The shadow imp closely misses you.
You closely miss the shadow imp. Your grab misses the shadow imp.
The white imp gestures at you. The puff of frost hits you. You resist.
You die...

....##.≈.......≈.
#.......≈≈≈≈≈≈≈≈...##
######..............##
###.....).......##
#..............
#...####.....#
#...#####...#
#.#.......†5#
#.##......@.# #.
##...##5.# #.
#..###..# .....###.#
#....#.. ..
#....###.... #.....
.... #..... .....


You could see a white imp and a shadow imp.

Vanquished Creatures
  A scorpion (D:5)
  2 hounds
  3 iron imps (D:4)
  3 iguanas (D:4)
  4 adders
  An ufetubus (D:4)
  A dart slug (D:1)
  3 worms
  An orc (D:4)
  5 ball pythons
  5 bats
  5 endoplasms
  4 giant cockroaches
  3 goblins
  6 hobgoblins
  6 jackals (D:4)
  2 quokkas (D:2)
  4 frilled lizards
  8 kobolds
  3 rats
70 creatures vanquished.

Notes
Turn   | Place    | Note
-------+----------+-------------------------------------------
     0 | D:1      | xian the Octopode Enchanter began the quest for the Orb.
     0 | D:1      | Reached XP level 1. HP: 11/11 MP: 3/3
   331 | D:1      | Reached XP level 2. HP: 15/17 MP: 5/5
   335 | D:1      | Learned a level 2 spell: Ensorcelled Hibernation
   631 | D:1      | You fall into a shaft and drop 1 floor!
   831 | D:2      | Found a sparkling altar of Nemelex Xobeh.
   840 | D:2      | Found a faded altar of an unknown god.
  1204 | D:2      | Reached XP level 3. HP: 20/21 MP: 6/6
  1828 | D:3      | Reached XP level 4. HP: 27/27 MP: 4/7
  1966 | D:3      | Found a hide-covered altar of Uskayaw.
  2328 | D:3      | Found a shimmering blue altar of Sif Muna.
  2590 | D:4      | Found a shadowy altar of Dithmenos.
  2605 | D:4      | Reached skill level 5 in Stealth
  2871 | D:4      | Reached XP level 5. HP: 13/32 MP: 8/8
  3064 | D:4      | Found Juath's Armour Emporium.
  3072 | D:4      | Bought a +0 buckler for 63 gold pieces
  3264 | D:4      | Reached skill level 1 in Fighting
  3674 | D:4      | Reached skill level 6 in Stealth
  3744 | D:4      | Found a burning altar of Makhleb.
  3763 | D:4      | Reached XP level 6. HP: 15/38 MP: 9/9
  3766 | D:4      | Gained mutation: Your flesh is cold resistant. (rC+)
                  | [potion of mutation]
  3766 | D:4      | Gained mutation: You occasionally shout uncontrollably at
                  | your foes. [potion of mutation]
  3770 | D:4      | HP: 1/38 [iron imp (8)]
  4157 | D:5      | Entered Level 5 of the Dungeon
  4406 | D:5      | Killed from afar by a white imp

Illustrated notes

Levels and vault maps discovered:
D:1:      nicolae_arrival_memento_mori, layout_basic
D:2:      layout_rooms, basic_altar, ebering_ecumenical_altar_petrified,
          minmay_box_of_dots
D:3:      layout_basic, nicolae_uskayaw_dance_hall, marbit_many_paths,
          minmay_misc_feat_plants
D:4:      minmay_razor_zed, layout_basic, demons_altar,
          grunt_dithmenos_smoke_and_mirrors, serial_shops,
          nicolae_shop_waterfront, kennysheep_potato
D:5:      layout_layer_cave, fedhas_altar_4, mainiacjoe_overflow_brackets,
          minmay_temple_entry_mist

Skill      XL: |  1  2  3  4  5  6 |
---------------+-------------------+-----
Stealth        | 5 6 |  6.5
Hexes          | 4 |  4.1
Fighting       | 1 |  1.6
Short Blades   | 2 |  2.7
Dodging        | 3 |  3.1
Throwing       | |  0.3
Shields        | |  0.8
Spellcasting   | |  2.5
Ice Magic      | |  0.6

Action                   |  1- 3 |  4- 6 || total
-------------------------+-------+-------++-------
Melee: Dagger            |    60 |   108 ||   168
       Constrict         |    11 |    21 ||    32
       Tentacles         |     8 |    20 ||    28
       Punch             |       |     1 ||     1
Throw: Dart              |     7 |       ||     7
 Cast: Ensorcelled Hiber |     3 |     8 ||    11
  Use: Potion            |       |     2 ||     2
 Stab: Sleeping          |    12 |    13 ||    25
       Invisible         |       |     1 ||     1
Armor: Skin              |    12 |     4 ||    16
Dodge: Dodged            |    39 |    65 ||   104
Block: Buckler           |    12 |    22 ||    34
